 Dungeon Crawl Stone Soup version 0.30-a0-49-g1cef19eb02 (webtiles) character file.

Game seed: 9681492563640179733

29 ytrimaz the Cutter (level 3, -3/43 HPs)
             Began as a Demonspawn Berserker on Sept 2, 2022.
             Was a Follower of Trog.
             Slain by a gnoll
             ... wielding a +0 halberd
              (12 damage)
             ... on level 2 of the Dungeon.
             The game lasted 00:01:23 (1583 turns).

ytrimaz the Cutter (Demonspawn Berserker)           Turns: 1583, Time: 00:01:23

Health: -3/43      AC:  2    Str: 19    XL:     3   Next: 1%
Magic:  3/3        EV: 12    Int:  8    God:    Trog [*.....]
Gold:   68         SH:  0    Dex: 12    Spells: 2/2 levels left

rFire   . . .      SeeInvis .    a - +0 short sword {short}
rCold   . . .      Faith    .    (no shield)
rNeg    . . .      Spirit   .    b - +0 animal skin
rPois   +          Reflect  .    (no helmet)
rElec   .          Harm     .    (no cloak)
rCorr   .          Rampage  .    (no gloves)
Will    .....                    (no boots)
Stlth   ..........               (no amulet)
HPRegen 0.14/turn                f - ring of poison resistance
MPRegen 0.08/turn                h - ring of flight

@: berserking, flying, very quick
A: ignite blood 1
a: Renounce Religion, Berserk


You were on level 2 of the Dungeon.
You worshipped Trog.
Trog was aware of your devotion.
You visited 1 branch of the dungeon, and saw 2 of its levels.

You collected 68 gold pieces.


Innate Abilities, Weirdness & Mutations

Your demonic aura sometimes causes spilled blood to erupt in flames.


   Skills:
 - Level 3.0 Fighting
 + Level 3.8 Short Blades
 - Level 1.7 Armour
 - Level 1.7 Dodging


You had 2 spell levels left.
You didn't know any spells.
Your spell library contained the following spells:

 Spells                   Type           Power      Damage    Failure   Level
 Sublimation of Blood     Necr           0%         N/A       54%         2
 Wereblood                Tmut           0%         N/A       54%         2
 Summon Hydra             Summ           0%         N/A       100%        7

Inventory:

Hand Weapons
 a - a +0 short sword (weapon) {short}
Missiles
 d - 5 stones (quivered) {throwing}
 e - 2 poisoned darts {throwing}
 k - 2 throwing nets {=f!fthrowing}
Armour
 b - a +0 animal skin (worn)
Jewellery
 f - a ring of poison resistance (left hand)
   (You found it on level 1 of the Dungeon)
 h - a ring of flight (right hand)
   (You found it on level 2 of the Dungeon)
Scrolls
 g - a scroll of brand weapon {unknown}

Dungeon Overview and Level Annotations

Branches:
Dungeon (2/15) Zot: 10410

Altars:

..##.. ..
..... # ...
#.#.##.#g...
....#.g....
#.......[.
##.#..... #
#.g...# #.
#g##..#
#.##@##..##
#.........##
###..##.#...
##.###......
..
#...........
..##
####.#.####...
#..# #......#
. #..#
###.##.###
#..#
###......#


You could see 2 gnolls.


Message History

You are frozen.
The gnoll moves out of view. 😕 HP[-5]
You take 5 damage, and now have 19/24 hp.
MASSIVE DAMAGE!! (PAUSE)
You hit the endoplasm but do no damage.
A gnoll comes into view. It is wielding a +0 flail.
The endoplasm freezes you.
You are frozen. 😮 HP[-2]
You take 2 damage, and now have 17/24 hp.
You completely miss the endoplasm. The endoplasm freezes you.
You are frozen. 😮 HP[-1]
You take 1 damage, and now have 16/24 hp.
Unknown command.
You hit the endoplasm. The endoplasm freezes you.
You are frozen. 😮 HP[-2]
You take 2 damage, and now have 14/24 hp.
Unknown command.
You hit the endoplasm. The endoplasm freezes you.
You are frozen.
* * * LOW HITPOINT WARNING * * *
😨 HP[-2]
You take 2 damage, and now have 12/24 hp.
You hit the endoplasm.
You kill the endoplasm!
Trog accepts your kill.
A gnoll comes into view. It is wielding a +0 halberd.
The gnoll shouts!
The gnoll hits you with a +0 club!
* * * LOW HITPOINT WARNING * * *
A gnoll comes into view. It is wielding a +0 club. 😱 HP[-7]
You take 7 damage, and now have 5/24 hp.
MASSIVE DAMAGE!! (PAUSE)
Okay, then.
Okay, then.
You feel better. 😮 HP[+9]
You regained 9 hp, and now have 14/24 hp.
It was a potion of magic.
Magic courses through your body. The gnoll hits you with a +0 club.
* * * LOW HITPOINT WARNING * * *
😨 HP[-4]
You take 4 damage, and now have 10/24 hp.
The gnoll attacks as you move away! The gnoll barely misses you.
You feel better. The gnoll hits you with a +0 flail.
* * * LOW HITPOINT WARNING * * *
😨 HP[+2]
You regained 2 hp, and now have 12/24 hp.
It was a potion of flight.
You feel more buoyant. The gnoll hits you with a +0 flail.
* * * LOW HITPOINT WARNING * * *
😨 HP[-3]
You take 3 damage, and now have 9/24 hp.
Unknown command.
You feel better. The gnoll barely misses you.
The gnoll hits you from afar with a +0 halberd.
* * * LOW HITPOINT WARNING * * *
😨 HP[+3]
You regained 3 hp, and now have 12/24 hp.
You fail to use your ability.
The gnoll hits you with a +0 flail.
* * * LOW HITPOINT WARNING * * *
The gnoll misses you. 😨 HP[-4]
You take 4 damage, and now have 8/24 hp.
Unknown command.
A red film seems to cover your vision as you go berserk!
You feel yourself moving faster!
You feel mighty! The gnoll closely misses you.
The gnoll barely misses you. 😨 HP[+4]
You now have 36 max hp (+12).
You regained 4 hp, and now have 12/36 hp.
Unknown command.
You puncture the gnoll! You puncture the gnoll!
You kill the gnoll!
Trog accepts your kill. The gnoll barely misses you.
You have reached level 3!
Your experience leads to an increase in your attributes!
Increase (S)trength, (I)ntelligence, or (D)exterity?
You feel stronger. x2 😨 HP[+2] MP[+1]
You now have 43 max hp (+7).
You regained 2 hp, and now have 14/43 hp.
Your mp is fully restored (3).
Unknown command.
You closely miss the gnoll. 😨 HP[+1]
You hit the gnoll. The gnoll hits you with a +0 club.
* * * LOW HITPOINT WARNING * * *
The gnoll hits you from afar with a +0 halberd!
You die...

Skill      XL: |  1 |
---------------+----+-----
Short Blades   | 3 |  3.8
Fighting       | |  3.0
Armour         | |  1.7
Dodging        | |  1.7

Action                   || total
-------------------------++-------
Melee: Short sword       ||    75
       Punch             ||     1
Invok: Berserk           ||     2
  Use: Potion            ||     5
       Scroll            ||     2
 Stab: Sleeping          ||     1
Armor: Animal skin       ||    16
Dodge: Dodged            ||    66

Levels and vault maps discovered:
D:1:      tarquinn_simple_flora_water_f, layout_basic,
          nicolae_ecumenical_snake_handling, minmay_strange_pillars
D:2:      layout_rooms

Notes
Turn   | Place    | Note
-------+----------+-------------------------------------------
     0 | D:1      | ytrimaz the Demonspawn Berserker began the quest for the
                  | Orb.
     0 | D:1      | Reached XP level 1. HP: 18/18 MP: 1/1
     0 | D:1      | magus.rc [v1.9.6]
   210 | D:1      | Reached skill level 3 in Short Blades
   593 | D:1      | Gained mutation: Your demonic aura sometimes causes spilled
                  | blood to erupt in flames. [demonic ancestry]
   593 | D:1      | Reached XP level 2. HP: 19/24 MP: 2/2
   689 | D:1      | HP: 5/24 [jackal (3)]
   689 | D:1      | HP: 1/24 [jackal (2)]
  1014 | D:1      | Found a faded altar of an unknown god.
  1547 | D:2      | You pick up a book of Blood {forbidden} and begin
                  | reading...
  1547 | D:2      | You add the spells Sublimation of Blood, Wereblood and
                  | Summon Hydra to your library.
  1569 | D:2      | HP: 5/24 [gnoll/+0 club (7)]
  1582 | D:2      | Reached XP level 3. HP: 14/29 MP: 3/3
  1583 | D:2      | HP: 9/43 [gnoll/+0 club (6)]
  1583 | D:2      | Slain by a gnoll

Vanquished Creatures
  A gnoll (D:2)
  An endoplasm (D:2)
  A hobgoblin (D:1)
  4 jackals (D:1)
  A kobold (D:1)
  A quokka (D:1)
  4 ball pythons (D:1)
  2 bats (D:1)
  A frilled lizard (D:1)
  3 rats (D:1)
19 creatures vanquished.

Table legend:
 A = Non-vault XP
 B = Vault XP
 C = Vault XP percentage of total XP
 D = Non-vault monster count
 E = Vault monster count
 F = Vault count percentage of total count
                 A         B        C        D         E       F
            +---------+---------+-------+---------+---------+-------
      Total |      41 |       1 |   2.4 |      18 |       1 |   5.3
            +---------+---------+-------+---------+---------+-------
        D:1 |      25 |       1 |   3.8 |      16 |       1 |   5.9
        D:2 |      16 |       0 |   0.0 |       2 |       0 |   0.0
            +---------+---------+-------+---------+---------+-------

Illustrated notes

Table legend:
 A = Kills in this place as a percentage of kills in entire the game.
 B = Kills by you in this place as a percentage of kills by you in the entire game.
 C = Kills by friends in this place as a percentage of kills by friends in the entire game.
 D = Other kills in this place as a percentage of other kills in the entire game.
 E = Experience gained in this place as a percentage of experience gained in the entire game.
 F = Experience gained in this place divided by the number of levels of this place that you have seen.
                   A       B       C       D       E      F
               +-------+-------+-------+-------+-------+----------------------
         Total | 100.0 | 100.0 |   N/A |   N/A | 100.0 |  21.0
       Dungeon | 100.0 | 100.0 |   N/A |   N/A | 100.0 |  21.0
               +-------+-------+-------+-------+-------+----------------------

Table legend: (Time is in decaauts)
 A = Elapsed time spent in this place.
 B = Non-inter-level travel time spent in this place.
 C = Inter-level travel time spent in this place.
 D = Time resting spent in this place.
 E = Time spent auto-exploring this place.
 F = Levels seen in this place.
 G = Mean time per level.
                   A        B        C        D        E       F      G
               +--------+--------+--------+--------+--------+-----+--------+
         Total |   1589 |   1533 |     56 |      0 |   1354 |   2 |  794.5 |
       Dungeon |   1589 |   1533 |     56 |      0 |   1354 |   2 |  794.5 |
               +--------+--------+--------+--------+--------+-----+--------+

Top non-repeatable levels by time:
     D:1: 1538 daAuts
     D:2: 50 daAuts
